 Dungeon Crawl Stone Soup version 0.19.0-2-gae57169 (webtiles) character file.

798 vev the Sneak (level 8, -3/60 HPs)
             Began as a Human Necromancer on Nov 6, 2016.
             Was a Believer of Kikubaaqudgha.
             Slain by a bullfrog (5 damage)
             ... on level 6 of the Dungeon.
             The game lasted 00:09:27 (5605 turns).

vev the Sneak (Human Necromancer)                   Turns: 5605, Time: 00:09:28

Health: -3/60      AC:  3    Str: 10    XL:     8   Next: 13%
Magic:  7/11       EV: 13    Int: 22    God:    Kikubaaqudgha [**....]
Gold:   250        SH:  0    Dex: 13    Spells: 3 memorised, 4 levels left

rFire  . . .     SeeInvis .     j - +2 dagger (distort)
rCold  . . .     Gourm    .     z - +0 leather armour
rNeg   + . .     Faith    .     (no shield)
rPois  .         Spirit   .     (no helmet)
rElec  .         Reflect  .     (no cloak)
rCorr  .         Harm     .     (no gloves)
MR     .....                    (no boots)
Stlth  +++.......               (no amulet)
                                (no ring)
                                i - ring of positive energy

@: brilliant, very slightly contaminated, hasted, very quick
A: no striking features
a: Receive Corpses, Renounce Religion


You were on level 6 of the Dungeon.
You worshipped Kikubaaqudgha.
Kikubaaqudgha was pleased with you.
You were hungry.

You visited 1 branch of the dungeon, and saw 6 of its levels.

You collected 250 gold pieces.

Inventory:

Hand Weapons
 f - a +0 whip
 j - a +2 dagger of distortion (weapon)
 r - a +2 whip of electrocution
Missiles
 q - 2 throwing nets (quivered)
Armour
 a - a +0 robe
 y - a +0 scale mail
 z - a +0 leather armour (worn)
Jewellery
 i - a ring of positive energy (left hand)
 o - an uncursed ring of fire
 s - an uncursed ring of ice
Scrolls
 g - 6 scrolls of identify {unknown}
 k - a scroll of random uselessness {unknown}
 l - 2 scrolls of recharging {unknown}
 t - 6 scrolls of remove curse {unknown}
 v - a scroll of blinking {unknown}
 C - a scroll of enchant weapon {unknown}
 G - a scroll of noise {unknown}
 H - a scroll of teleportation {unknown}
Potions
 e - 2 potions of lignification {unknown}
 n - a potion of brilliance
 u - a potion of ambrosia {unknown}
 w - a potion of magic {unknown}
 B - a potion of might {unknown}
 D - a potion of haste
 E - a potion of cure mutation {unknown}
Books
 b - a book of Necromancy

   Spells                             Type                      Level
   a - Pain                           Necromancy                   1
   b - Animate Skeleton               Necromancy                   1
   c - Vampiric Draining              Necromancy                   3
   d - Regeneration                   Charms/Necromancy            3
   e - Animate Dead                   Necromancy                   4
   f - Control Undead                 Necromancy                   4
 d - Kikubaaqudgha's Incunabulum of Sinister Rites
   (Kikubaaqudgha gifted it to you on level 3 of the Dungeon)

   Spells                             Type                      Level
   a - Animate Skeleton               Necromancy                   1
   b - Corpse Rot                     Necromancy                   2
   c - Sublimation of Blood           Necromancy                   2
   d - Vampiric Draining              Necromancy                   3
   e - Control Undead                 Necromancy                   4
Comestibles
 c - 2 bread rations
 h - 4 fruits
 m - a beef jerky
 p - 2 slices of pizza
 A - 3 chunks of flesh
 F - 2 meat rations


   Skills:
 + Level 4.0 Fighting
 + Level 3.5 Armour
 + Level 4.4 Dodging
 + Level 5.3 Stealth
 - Level 2.1 Spellcasting
 - Level 4.1 Necromancy


You had 4 spell levels left.
You knew the following spells:

 Your Spells              Type           Power        Failure   Level  Hunger
a - Pain                  Necr           ####         1%          1    #......
d - Vampiric Draining     Necr           ####......   1%          3    ###....
r - Regeneration          Chrm/Necr      ###.......   3%          3    ###....


Dungeon Overview and Level Annotations

Branches:
Dungeon (5/15)             Temple (0/1) D:4

Altars:
Kikubaaqudgha
Ru

Annotations:
D:4 Edmund


Message History

The orc closely misses you.
You barely miss the orc. The orc hits you with a club.
* * * LOW HITPOINT WARNING * * *
The orc misses you.
You hit the bullfrog.
The bullfrog is severely wounded.
The bullfrog blinks!
The orc barely misses you. The orc hits you.
* * * LOW HITPOINT WARNING * * *
It was a potion of haste.
You feel yourself speed up. The orc hits you with a club.
* * * LOW HITPOINT WARNING * * *
The orc hits you but does no damage.
Save game and exit?
Okay, then.
Unknown command.
It was a potion of brilliance.
You feel clever all of a sudden. The bullfrog hits you.
You die...
Kikubaaqudgha rasps: "You have failed me!
Welcome... death!"

#....
#########.#.#
#.......#.#.#
#...........#
#.......#...#
#...........#
#........o..#
##$.....F@o.#
#......###.#
#...$$..o..#
#.....######
#......
#.....##
#######


You could see a bullfrog and 2 orcs.

Vanquished Creatures
  Grinder (D:3)
  Menkaure (D:4)
  A scorpion (D:4)
  A hound (D:4)
  An orc priest (D:6)
  A worker ant (D:4)
  5 orc wizards
  7 adders
  An ooze (D:3)
  An adder skeleton (D:4)
  An adder zombie (D:5)
  A worm (D:3)
  2 dart slugs (D:1)
  9 leopard geckos
  12 orcs
  7 bats
  10 giant cockroaches
  5 goblins
  6 hobgoblins
  7 jackals
  A quokka (D:4)
  A ball python (D:1)
  6 frilled lizards
  12 kobolds
  6 rats
106 creatures vanquished.

Vanquished Creatures (others)
  A worker ant (D:4)
  2 orcs
3 creatures vanquished.

Grand Total: 109 creatures vanquished

Notes
Turn   | Place    | Note
-------+----------+-------------------------------------------
     0 | D:1      | vev the Human Necromancer began the quest for the Orb.
     0 | D:1      | Reached XP level 1. HP: 13/13 MP: 3/3
   550 | D:1      | Reached XP level 2. HP: 18/20 MP: 1/5
   993 | D:1      | Reached XP level 3. HP: 17/25 MP: 6/6
  1232 | D:1      | Reached skill level 1 in Fighting
  1872 | D:2      | Reached skill level 3 in Stealth
  1961 | D:2      | Reached XP level 4. HP: 32/32 MP: 2/7
  2307 | D:2      | Found an ancient bone altar of Kikubaaqudgha.
  2315 | D:2      | Became a worshipper of Kikubaaqudgha
  2733 | D:3      | Reached skill level 2 in Fighting
  2733 | D:3      | Reached XP level 5. HP: 33/38 MP: 8/8
  2740 | D:3      | Noticed Grinder
  2802 | D:3      | Paralysed by Grinder for 3 turns
  2821 | D:3      | Killed Grinder
  2821 | D:3      | Reached skill level 1 in Armour
  2821 | D:3      | Reached skill level 3 in Dodging
  2821 | D:3      | Reached skill level 4 in Stealth
  2821 | D:3      | Reached XP level 6. HP: 17/46 MP: 9/9
  3041 | D:3      | Reached skill level 2 in Armour
  3049 | D:3      | Reached * piety under Kikubaaqudgha
  3049 | D:3      | Identified Kikubaaqudgha's Incunabulum of Sinister Rites (Kikubaaqudgha gifted it to you on level 3 of the Dungeon)
  3049 | D:3      | Received a gift from Kikubaaqudgha
  3437 | D:4      | Reached skill level 3 in Fighting
  3722 | D:4      | the worker ant is devoured by a tear in reality.
  3722 | D:4      | Reached XP level 7. HP: 43/52 MP: 10/10
  3872 | D:4      | Found a staircase to the Ecumenical Temple.
  3875 | D:4      | Noticed Edmund
  4309 | D:3      | Learned a level 3 spell: Vampiric Draining
  4400 | D:3      | Learned a level 3 spell: Regeneration
  4574 | D:4      | the orc is devoured by a tear in reality.
  4633 | D:4      | Found a sacrificial altar of Ru.
  4655 | D:4      | Reached skill level 3 in Armour
  4798 | D:4      | Noticed Menkaure
  4814 | D:4      | Reached skill level 4 in Dodging
  4814 | D:4      | Reached skill level 5 in Stealth
  4853 | D:4      | Killed Menkaure
  4853 | D:4      | Reached XP level 8. HP: 30/60 MP: 11/11
  5007 | D:4      | Reached ** piety under Kikubaaqudgha
  5321 | D:5      | Entered Level 5 of the Dungeon
  5370 | D:5      | the orc is devoured by a tear in reality.
  5576 | D:5      | You fall through a shaft!
  5592 | D:6      | Reached skill level 4 in Fighting
  5593 | D:6      | HP: 5/60 [bullfrog (4)]
  5598 | D:6      | HP: 6/60 [bullfrog (5)]
  5603 | D:6      | HP: 4/60 [orc (3)]
  5605 | D:6      | Slain by a bullfrog

Skill      XL: |  1  2  3  4  5  6  7  8 |
---------------+-------------------------+-----
Fighting       | 1 2 3 4 |  4.0
Stealth        | 3 4 5 |  5.3
Armour         | 1 2 3 |  3.5
Dodging        | 3 4 |  4.4
Spellcasting   | |  2.1
Necromancy     | |  4.1

Action                   |  1- 3 |  4- 6 |  7- 9 || total
-------------------------+-------+-------+-------++-------
Melee: Whip              |    19 |       |       ||    19
       Dagger            |    46 |   116 |   117 ||   279
 Cast: Pain              |    30 |     1 |     1 ||    32
       Vampiric Draining |       |       |     1 ||     1
  Use: Potion            |     1 |       |     6 ||     7
 Stab: Sleeping          |     3 |     5 |     2 ||    10
  Eat: Chunk             |     4 |     5 |     6 ||    15
Armor: Robe              |     9 |     6 |       ||    15
       Scale mail        |       |    18 |    22 ||    40
       Leather armour    |       |       |    23 ||    23
Dodge: Dodged            |    47 |    60 |   102 ||   209
